 Dungeon Crawl Stone Soup version 0.30-a0-711-gf4ac18a38d (webtiles) character file.

Game seed: 9263164184945221373

744796 Khashishi the Merry Ant (level 27, -4/268 HPs)
             Began as a Formicid Fighter on Jan 18, 2023.
             Was a Believer of Uskayaw.
             Slain by Cerebov
             ... wielding the +6 sword of Cerebov {flame}
              (5 damage)
             ... in Pandemonium on Jan 22, 2023.
             The game lasted 07:58:38 (57194 turns).

Khashishi the Merry Ant (Formicid Fighter)         Turns: 57194, Time: 07:58:39

Health: -4/268     AC: 30    Str: 28    XL:     27
Magic:  35/35      EV: 17    Int: 15    God:    Uskayaw [**....]
Gold:   5896       SH: 24    Dex: 33    Spells: 31/34 levels left

rFire   + + .      SeeInvis +    A - +27 heavy crossbow "Sniper" {heavy, Acc+∞ SInv}
rCold   + + +      Faith    +    k - +2 kite shield of Yxoamumi {Regen+ Int+4 Dex+3}
rNeg    + + .      Spirit   .    x - +4 pearl dragon scales
rPois   +          Reflect  .    (helmet unavailable)
rElec   +          Harm     .    u - +0 cloak of the Bells {Contam rC+++ Str+4}
rCorr   +          Rampage  .    R - +2 pair of gloves
Will    ++...                    L - +2 pair of boots {Stlth+}
Stlth   ++++++                   C - amulet of Midnight {Faith Fragile rF+ Dex+3}
HPRegen 1.44/turn                E - ring of protection from fire
MPRegen 0.24/turn                r - ring of Desertification {rElec rN+ Dex+6}

@: resistant, fire vulnerable
A: permanent stasis, dig shafts and tunnels, antennae 3, four strong arms,
hooves 1, deformed body, low MP 1, sense surroundings 1, robust 1, screaming 1,
wild magic 1
}: 6/15 runes: serpentine, barnacled, slimy, silver, abyssal, magical
a: Dig, Renounce Religion, Stomp, Line Pass


You were in Pandemonium.
You worshipped Uskayaw.
Uskayaw was extremely pleased with you.
You visited 12 branches of the dungeon, and saw 54 of its levels.
You visited Pandemonium 1 time, and saw 7 of its levels.
You visited the Abyss 1 time.
You visited 1 bazaar.
You also visited: Ice Cave and Wizlab.

You collected 11407 gold pieces.
You spent 5511 gold pieces at shops.

Inventory:

Hand Weapons
 a - a +9 quarterstaff of chaos
 b - the +6 hand crossbow "Roeniot" {freeze, rElec Int+3 Dex+5}
   (You acquired it on level 2 of the Elven Halls)

   Int:       It affects your intelligence (+3).
   Dex:       It affects your dexterity (+5).
   rElec:     It insulates you from electricity.
 A - the +27 heavy crossbow "Sniper" (weapon) {heavy, Acc+∞ SInv}
   (You bought it in a shop on level 2 of the Orcish Mines)

   Acc+∞: It never misses its target.
   SInv:      It lets you see invisible.
Armour
 k - the +2 kite shield of Yxoamumi (worn) {Regen+ Int+4 Dex+3}
   (You acquired it on level 5 of the Dungeon)

   Int:       It affects your intelligence (+4).
   Dex:       It affects your dexterity (+3).
   Regen:     It increases your rate of health regeneration.
 u - the +0 cloak of the Bells (worn) {Contam rC+++ Str+4}
   (You bought it in a shop on level 2 of the Orcish Mines)

   Str:       It affects your strength (+4).
   rC:        It renders you almost immune to cold.
   Contam:    It causes magical contamination when unequipped.
 x - +4 pearl dragon scales (worn)
 L - a +2 pair of boots of stealth (worn)
 R - a +2 pair of gloves (worn)
Jewellery
 l - the amulet "Buzueps" {RegenMP rElec Str+3}
   (You found it on level 2 of the Dungeon)

   [amulet of magic regeneration]

   It increases your rate of magic regeneration.
   Str:       It affects your strength (+3).
   rElec:     It insulates you from electricity.
 r - the ring of Desertification (right hand) {rElec rN+ Dex+6}
   (You found it in Pandemonium)

   [ring of dexterity]

   Dex:       It affects your dexterity (+6).
   rElec:     It insulates you from electricity.
   rN:        It protects you from negative energy.
 C - the amulet of Midnight (around neck) {Faith Fragile rF+ Dex+3}
   (You took it off a deep elf elementalist on level 3 of the Elven Halls)

   [amulet of faith]

   It allows you to gain divine favour quickly.
   Dex:       It affects your dexterity (+3).
   rF:        It protects you from fire.
   Fragile:   It will be destroyed if unequipped.
 E - a ring of protection from fire (left hand)
 N - the ring of Autotheism {rElec rF- rC++ rN+ MP+9}
   (You took it off a deep elf annihilator on level 3 of the Elven Halls)

   [ring of positive energy]

   rF:        It makes you vulnerable to fire.
   rC:        It greatly protects you from cold.
   rElec:     It insulates you from electricity.
   rN:        It protects you from negative energy.
   MP:        It affects your magic capacity (+9).
 S - the ring "Emoesen" {rPois Str+5 Dex+4}
   (You bought it in a shop on level 3 of the Dungeon)

   [ring of poison resistance]

   Str:       It affects your strength (+5).
   Dex:       It affects your dexterity (+4).
   rPois:     It protects you from poison.
 T - the ring of Limposem {*Corrode Will+ Str+5 Dex+7}
   (You bought it in a shop on level 3 of the Dungeon)

   [ring of willpower]

   Str:       It affects your strength (+5).
   Dex:       It affects your dexterity (+7).
   *Corrode:  It may corrode you when you take damage.
   Will:      It increases your willpower.
 U - the ring "Xioniv" {Fly rCorr Int+2 Dex+2}
   (You bought it in a shop on level 3 of the Dungeon)

   [ring of flight]

   Int:       It affects your intelligence (+2).
   Dex:       It affects your dexterity (+2).
   Fly:       It grants you flight.
   rCorr:     It protects you from acid and corrosion.
Wands
 f - a wand of iceblast (47)
 h - a wand of quicksilver (10)
Scrolls
 c - 4 scrolls of enchant weapon
 n - 7 scrolls of silence
 o - 12 scrolls of fear
 q - 4 scrolls of poison
 w - 3 scrolls of magic mapping
 y - 2 scrolls of amnesia
 D - 15 scrolls of immolation
 J - 9 scrolls of fog
 M - 2 scrolls of summoning
Potions
 d - 9 potions of flight
 e - 4 potions of cancellation
 g - 5 potions of heal wounds
 i - 14 potions of attraction
 p - 28 potions of curing
 s - 15 potions of lignification
 t - 9 potions of magic
 v - 2 potions of brilliance
 I - 7 potions of mutation
 K - 7 potions of might
 Q - a potion of resistance
Miscellaneous
 j - a condenser vane
 m - a phial of floods
 F - a phantom mirror (inert)
 P - a lightning rod (4/4)


   Skills:
 + Level 25.9 Fighting
 - Level 14.0 Staves
 O Level 27 Ranged Weapons
 + Level 24.8 Armour
 - Level 6.0 Dodging
 - Level 13.1 Stealth
 O Level 27 Shields
 - Level 4.0 Spellcasting
 + Level 5.3 Hexes
 - Level 3.0 Translocations
 + Level 24.9 Invocations
 - Level 3.0 Evocations


You had 31 spell levels left.
You knew the following spells:

 Your Spells              Type           Power      Damage    Failure   Level
a - Portal Projectile     Hex/Tloc       40%        N/A       22%         3

Your spell library contained the following spells:

 Spells                   Type           Power      Damage    Failure   Level
 Apportation              Tloc           30%        N/A       13%         1
 Confusing Touch          Hex            24%        N/A       14%         3
 Lesser Beckoning         Tloc           30%        N/A       17%         2
 Ensorcelled Hibernation  Hex/Ice        28%        N/A       21%         2
 Momentum Strike          Conj/Tloc      18%        3d8       30%         2
 Gell's Gravitas          Tloc           15%        N/A       32%         3
 Teleport Other           Tloc           15%        N/A       32%         3
 Beastly Appendage        Tmut           6%         N/A       36%         1
 Freeze                   Ice            12%        1d3       36%         1
 Kiss of Death            Conj/Necr      12%        2d6       36%         1
 Magic Dart               Conj           12%        1d3       36%         1
 Necrotise                Necr           12%        1d4       36%         1
 Sandblast                Erth           6%         2d5       36%         1
 Summon Small Mammal      Summ           12%        N/A       36%         1
 Dazzling Flash           Conj/Hex       28%        N/A       36%         3
 Inner Flame              Hex/Fire       14%        N/A       36%         3
 Summon Guardian Golem    Hex/Summ       14%        N/A       36%         3
 Cause Fear               Hex            12%        N/A       38%         4
 Call Imp                 Summ           3%         N/A       47%         2
 Cigotuvi's Dreadful Rot  Necr/Pois/Air  6%         N/A       47%         2
 Passwall                 Tmut/Erth      2%         N/A       47%         2
 Poisonous Vapours        Pois/Air       6%         N/A       47%         2
 Scorch                   Fire           6%         2d5       47%         2
 Searing Ray              Conj           6%         2d4       47%         2
 Static Discharge         Conj/Air       6%         2-3/arc   47%         2
 Wereblood                Tmut           3%         N/A       47%         2
 Vhi's Electric Charge    Tloc/Air       18%        N/A       50%         3
 Kindle Blastsparks       Fire/Tloc/Air  14%        2d11      58%         3
 Call Canine Familiar     Summ           3%         N/A       71%         3
 Frozen Ramparts          Ice            6%         1d1       71%         3
 Hailstorm                Conj/Ice       3%         3d3       71%         3
 Ignite Poison            Fire/Tmut/Pois 3%         N/A       71%         3
 Mephitic Cloud           Conj/Pois/Air  3%         N/A       71%         3
 Ozocubu's Armour         Ice            3%         N/A       71%         3
 Spider Form              Tmut/Pois      3%         N/A       71%         3
 Vampiric Draining        Necr           3%         2d6       71%         3
 Manifold Assault         Tloc           15%        N/A       71%         4
 Anguish                  Hex/Necr       7%         N/A       75%         4
 Fulminant Prism          Conj/Hex       7%         3d7       75%         4
 Leda's Liquefaction      Hex/Erth       7%         N/A       75%         4
 Iskenderun's Mystic Bla  Conj/Tloc      9%         2d4       88%         4
 Airstrike                Air            1%         2d(1-17)  97%         4
 Animate Dead             Necr           3%         N/A       97%         4
 Dispel Undead            Necr           3%         3d7       97%         4
 Flame Wave               Conj/Fire      3%         2d5       97%         4
 Ice Form                 Ice/Tmut       3%         N/A       97%         4
 Petrify                  Tmut/Erth      3%         N/A       97%         4
 Sticky Flame             Conj/Fire      3%         2d3       97%         4
 Summon Ice Beast         Ice/Summ       3%         N/A       97%         4
 Metabolic Englaciation   Hex/Ice        7%         N/A       97%         5
 Summon Mana Viper        Hex/Summ       14%        N/A       97%         5
 Yara's Violent Unravell  Hex/Tmut       7%         3d5       97%         5
 Summon Forest            Summ/Tloc      4%         N/A       99%         5
 Agony                    Necr           3%         N/A       100%        5
 Arcjolt                  Conj/Air       1%         1d11      100%        5
 Blade Hands              Tmut           1%         N/A       100%        5
 Borgnjor's Vile Clutch   Necr/Erth      1%         N/A       100%        5
 Freezing Cloud           Conj/Ice/Air   1%         6-21      100%        5
 Irradiate                Conj/Tmut      1%         3d12      100%        5
 Iskenderun's Battlesphe  Conj           3%         2d6       100%        5
 Lightning Bolt           Conj/Air       1%         1d12      100%        5
 Death Channel            Necr           1%         N/A       100%        6
 Dispersal                Tloc           7%         N/A       100%        6
 Eringya's Noxious Bog    Tmut/Pois      1%         N/A       100%        6
 Iron Shot                Conj/Erth      1%         9d1       100%        6
 Simulacrum               Ice/Necr       1%         N/A       100%        6
 Starburst                Conj/Fire      1%         6d3       100%        6
 Statue Form              Tmut/Erth      2%         N/A       100%        6
 Summon Cactus Giant      Summ           1%         N/A       100%        6
 Dragon Form              Tmut           1%         N/A       100%        7
 Enfeeble                 Hex            12%        N/A       100%        7
 Haunt                    Necr/Summ      1%         N/A       100%        7
 Malign Gateway           Summ/Tloc      4%         N/A       100%        7
 Monstrous Menagerie      Summ           1%         N/A       100%        7
 Orb of Destruction       Conj           1%         9d5       100%        7
 Ozocubu's Refrigeration  Ice            1%         4d7       100%        7
 Spellforged Servitor     Conj/Summ      1%         N/A       100%        7
 Storm Form               Tmut/Air       1%         N/A       100%        7
 Summon Hydra             Summ           1%         N/A       100%        7
 Discord                  Hex            12%        N/A       100%        8
 Ignition                 Fire           1%         3d3       100%        8
 Infestation              Necr           1%         N/A       100%        8
 Lehudib's Crystal Spear  Conj/Erth      1%         10d2      100%        8
 Chain Lightning          Conj/Air       1%         3d2       100%        9
 Death's Door             Necr           1%         N/A       100%        9
 Fire Storm               Conj/Fire      1%         8d1       100%        9
 Polar Vortex             Ice            1%         N/A       100%        9
 Shatter                  Erth           1%         3d6*      100%        9
 Blink                    Tloc           Unusable   N/A       N/A         2
 Swiftness                Air            Unusable   N/A       N/A         3

Dungeon Overview and Level Annotations

Branches:
Dungeon (15/15)            Temple (1/1) D:5            Lair (5/5) D:10
 Shoals (4/4) Lair:2        Snake (4/4) Lair:2        Slime (5/5) Lair:5
    Orc (2/2) D:10            Elf (3/3) Orc:2        Vaults (5/5) D:14
  Crypt (0/3) Vaults:3     Depths (4/4) D:15           Hell (visited)
    Dis (0/7) Hell            Geh (0/7) Hell            Coc (0/7) Hell
    Tar (0/7) Hell            Zot (5/5) Depths:4      IceCv (visited)
 WizLab (visited)

Altars:
Ashenzari
Cheibriados
Dithmenos
Elyvilon
Fedhas
Gozag
Hepliaklqana
Kikubaaqudgha
Makhleb
Nemelex Xobeh
Okawaru
Qazlal
Ru
Sif Muna
Trog
Uskayaw
Vehumet
Wu Jian
Xom
Yredelemnul
Zin
The Shining One
Jiyva
Lugonu

Shops:
D:1 (   D:3 =*!   D:10 :*(=[   D:12 !(((   D:13 *   D:14 (   Orc:1 ?[
Orc:2 (:*[   Elf:1 :   Elf:2 ==:*   Snake:3 ?   Vaults:2 *   Vaults:5 ?

Portals:
Hell: Depths:1 Depths:2 Depths:3 Depths:4
Abyss: Lair:5 Depths:3 Depths:4
Pandemonium: Depths:2
Ziggurat: Depths:1

Annotations:
Snake:4 2 transporters
Zot:1 1 transporter
Zot:2 3 runed translucent doors, 2 transporters, AzureAlchemist's ghost, veteran DgEE
Abyss:1 Joseph
Pan Cerebov


Innate Abilities, Weirdness & Mutations

You cannot be hasted, slowed, berserked, paralysed or teleported.
You can dig through walls and to a lower floor.
You have a pair of large antennae on your head. (SInv)
Your four strong arms can wield two-handed weapons with a shield.
You have large cloven feet.
Armour fits poorly on your strangely shaped body.
Your magical capacity is low. (-10% MP)
You passively map a small area around you.
You are robust. (+10% HP)
You occasionally shout uncontrollably at your foes.
Your spells are a little harder to cast, but a little more powerful.


Message History

Cerebov gestures at Cerebov.
The iron shot hits the Brimstone Fiend!!!
The Brimstone Fiend dies!
The sun demon hits you but does no damage.
Fire: A) +27 heavy crossbow "Sniper" {heavy, Acc+∞ SInv}
Press: ? - help, Q - select action, (/) - cycle Shift-Dir - straight line, f/p - Cerebov
Aim: Cerebov, wielding the +6 sword of Cerebov {flame} (lightly wounded, fast, more vulnerable to fire, ally target, 100% to hit)
Okay, then.
Unknown command.
You block Cerebov's attack.
The balrug closely misses Cerebov.
Your hellion barely misses Cerebov.
Cerebov completely misses you.
Cerebov hits the sun demon with the +6 sword of Cerebov {flame}!!
The sword of Cerebov burns away the sun demon's fire resistance.
Fire: A) +27 heavy crossbow "Sniper" {heavy, Acc+∞ SInv}
Press: ? - help, Q - select action, (/) - cycle Shift-Dir - straight line, f/p - Cerebov
Aim: Cerebov, wielding the +6 sword of Cerebov {flame} (lightly wounded, fast, more vulnerable to fire, ally target, 100% to hit)
You shoot a bolt. The bolt hits Cerebov!!!!!
Cerebov is moderately wounded.
Cerebov shimmers and vanishes!
Your balrug disappears in a puff of smoke!
Your hellion disappears in a puff of smoke! x2
The balrug gestures at you.
The bolt of fire hits the sun demon.
The sun demon resists.
The bolt of fire misses you. You block the sun demon's attack.
Cerebov hits you with the +6 sword of Cerebov {flame}!!
* * * LOW HITPOINT WARNING * * *
Cerebov burns you.
* * * LOW HITPOINT WARNING * * *
The sword of Cerebov burns away your fire resistance.
The balrug gestures at you. Something smites you!
* * * LOW HITPOINT WARNING * * *
The sun demon hits you!!
* * * LOW HITPOINT WARNING * * *
You are engulfed in flames.
You resist.
* * * LOW HITPOINT WARNING * * *
Cerebov hits you with the +6 sword of Cerebov {flame}!!
* * * LOW HITPOINT WARNING * * *
Cerebov burns you.
You die...

#####§...≈#####≈...≈#####≈.......
#,,,#≈...≈#,,,#§.§§≈#,,,#≈.......
#,,,#≈...≈#,,,#≈§.≈≈#,,,#≈≈......
#,,,#≈§§≈≈#,,,#≈§§§##,,,##≈≈.§...
##+###§≈≈###+###§§####+####≈≈.§..
#≈.§#######≈.≈######§§..§**#≈≈≈≈.
§§.≈≈§≈≈≈§§§.≈≈≈≈§#§§§..≈~*****~,
.........§.§.....§§......,*,,,*~,
.........§.)....@&2§.....,+,,,*~,
........§........32......,*,,,*~,
≈≈.§§§≈≈≈≈≈≈.≈≈≈≈§#≈≈.?.≈~*****~,
#§§§#######≈.§#####*§...≈***~~~~,
##+##*~~~*##'##*~~***#+##**~~,,,,
*,,,*~~~~~#[)|*~~~~**,,,**~~,,,,,
*,,,*~,,,~#|))#~,,~~*,,,*~~,,,,,,
*,,,*~,,,~#:=}#~,,,~*,,,*~,,,,,,,
*****~,,,~#####~,,,~*****~,,,,,,,


You could see Cerebov (fast, combustible), 2 balrugs and a sun demon
(combustible).

Vanquished Creatures
  the Royal Jelly (Slime:5)
  Lom Lobon (Pan)
  8 dread liches
  4 ancient liches (Zot:5)
  Mara (Shoals:4)
  7 orbs of fire
  A juggernaut (Depths:4)
  2 Killer Klowns (Zot:5)
  2 curse toes
  Vashnia (Snake:2)
  Bai Suzhen (Shoals:4)
  Saint Roka (Orc:2)
  5 pandemonium lords (Pan)
  Geryon (Hell)
  Nikola (Shoals:4)
  2 bone dragons
  9 golden dragons
  5 electric golems
  4 Tzitzimimeh (Pan)
  2 Hell Sentinels (Pan)
  5 Brimstone Fiends (Pan)
  The ghost of Tuhajigi the Brawler, an adept TrFi of Okawaru (Vaults:4)
  A hellephant (Depths:2)
  A walking earthen tome (Depths:3)
  11 tentacled monstrosities
  9 titans
  23 Orb Guardians (Zot:5)
  2 liches
  A walking crystal tome (Depths:3)
  A walking divine tome (Depths:3)
  4 deep elf blademasters
  4 Ice Fiends (Pan)
  2 deep elf master archers (Elf:3)
  A kraken (Shoals:1)
  7 death cobs
  4 Executioners (Pan)
  29 acid blobs
  Gastronok (Lair:1)
  5 quicksilver dragons
  10 sphinxes
  5 tentacled starspawn (Abyss:3)
  Murray (Hell)
  Frances (D:14)
  11 shadow dragons
  Kirke (Snake:3)
  Polyphemus (Shoals:3)
  7 draconian monks
  Roxanne (Snake:4)
  9 storm dragons
  5 tengu reavers
  14 rockslimes
  5 nagarajas (Snake:4)
  3 demonspawn warmongers (Pan)
  10 frost giants
  8 azure jellies
  Ilsuiw (Shoals:2)
  6 fire giants
  9 draconian knights
  Aizul (Vaults:1)
  6 deep elf sorcerers (Elf:3)
  4 iron dragons
  8 balrugs
  5 draconian stormcallers
  5 ghost moths
  18 vault wardens
  6 draconian scorchers
  8 draconian shifters
  8 draconian annihilators
  6 orc warlords
  2 cacodemons
  4 deep elf elementalists (Elf:3)
  13 quicksilver oozes
  7 demonspawn blood saints (Pan)
  A demonspawn corrupter (Pan)
  20 very ugly things
  2 war gargoyles
  13 reapers
  15 stone giants
  8 ironbound thunderhulks
  17 ironbound preservers
  The ghost of Rudyous the Warrior, a journeyman MiFi of Gozag (D:12)
  A juggernaut zombie (Depths:1)
  14 green draconians
  13 black draconians
  12 deep elf annihilators
  7 deep elf demonologists
  10 lorocyprocas
  7 demonspawn black suns (Pan)
  A minotaur (Shoals:2)
  25 yellow draconians
  16 dire elephants
  8 red draconians
  9 spark wasps
  20 white draconians
  18 purple draconians
  9 statues (WizLab)
  Snorg (D:10)
  11 deep elf death magi
  14 blizzard demons (Pan)
  10 ettins
  3 crystal guardians
  An entropy weaver (Vaults:1)
  16 yaktaur captains
  7 merfolk impalers
  13 green deaths (Pan)
  3 fire dragons
  A shambling mangrove (Abyss:3)
  7 deep elf high priests
  7 merfolk javelineers
  12 great orbs of eyes
  32 vault guards
  A quicksilver dragon skeleton (Vaults:3)
  3 hell beasts
  An ice dragon (shapeshifter) (Depths:3)
  8 ice dragons
  3 ogre magi
  8 rakshasas
  7 ironbound frosthearts
  12 hydras
  4 catoblepae
  2 peacekeepers (Vaults:4)
  7 merfolk aquamancers
  4 alligator snapping turtles
  A merfolk avatar (Shoals:4)
  12 anacondas
  3 salamander tyrants
  6 spriggan air magi
  4 two-headed ogres
  11 naga warriors
  2 death knights
  A spectral sphinx (Vaults:4)
  2 boulder beetles (shapeshifter)
  8 deep troll shamans
  31 dancing weapons
  7 boulder beetles
  12 centaur warriors
  3 satyrs
  A tengu warrior (Depths:2)
  12 death yaks
  3 thrashing horrors (Lair:5)
  A vampire mage (Depths:3)
  The ghost of ParallaxScroll the Markself, a journeyman DEHs of Zin (Lair:2)
  A titan zombie (Orc:1)
  2 orc high priests
  5 deep troll earth magi
  17 naga sharpshooters
  2 hell hogs
  Urug (Orc:2)
  4 spriggan berserkers
  33 sun demons
  Nergalle (Orc:2)
  16 soul eaters
  9 hell knights
  16 deep elf knights
  11 shock serpents
  14 sixfirhies
  A crystal echidna (Hell)
  2 salamander mystics (Snake:4)
  A wretched star (Abyss:2)
  8 skeletal warriors
  An anaconda zombie (Hell)
  Lodul (D:13)
  An orb spider (shapeshifter) (Lair:5)
  14 iron trolls
  A quicksilver dragon simulacrum (Depths:2)
  3 shadow demons (Pan)
  45 deep trolls
  8 sea snakes
  2 glowing orange brains
  5 naga ritualists
  A bog body (IceCv)
  8 harpies
  12 ironbound convokers
  A bunyip skeleton (Abyss:3)
  12 deep elf archers
  A harpy (shapeshifter) (D:15)
  5 phantasmal warriors (Vaults:5)
  12 necromancers
  6 wizards
  21 deep elf pyromancers
  An iron dragon zombie (Abyss:3)
  A cyclops (shapeshifter) (Orc:1)
  25 deep elf zephyrmancers
  10 lindwurms
  21 orc knights
  20 manticores
  7 oklob plants (Zot:4)
  18 fauns
  4 orc sorcerers
  A salamander (shapeshifter) (Lair:5)
  5 shining eyes
  8 mana vipers
  A frost giant zombie (Depths:1)
  A wolf spider (D:15)
  10 elephants
  4 frost giant skeletons (Vaults:3)
  2 tengu skeletons
  2 worldbinders (Abyss:3)
  A sphinx skeleton (Vaults:3)
  A stone giant skeleton (Vaults:3)
  2 stone giant zombies (Orc:1)
  9 merfolk sirens
  25 ugly things
  28 cyclopes
  15 salamanders
  8 guardian serpents (Snake:4)
  5 molten gargoyles (Hell)
  4 rust devils (Pan)
  8 water nymphs
  A fire giant skeleton (Depths:1)
  3 eyes of devastation
  3 demonic crawlers (Pan)
  32 moths of wrath
  2 black mambas (shapeshifter) (Vaults:5)
  2 torpor snails
  17 vault sentinels
  A centaur skeleton (Abyss:2)
  A titan simulacrum (Vaults:4)
  21 naga magi
  2 ice statues (IceCv)
  29 black mambas
  An unseen horror (Lair:5)
  7 orange demons (Pan)
  34 smoke demons
  2 hellions
  2 gargoyles (D:11)
  An apocalypse crab (Abyss:1)
  A cane toad (shapeshifter) (Orc:2)
  17 cane toads
  An elf skeleton (Vaults:3)
  A rime drake (Lair:4)
  Psyche (D:8)
  16 ice devils
  7 efreet
  47 yaktaurs
  Maggie (D:7)
  3 anaconda simulacra (IceCv)
  8 tormentors
  5 komodo dragons
  5 kobold demonologists (D:12)
  5 freezing wraiths
  A yaktaur (shapeshifter) (Depths:1)
  A golden dragon simulacrum (Vaults:4)
  A dire elephant skeleton (Abyss:3)
  A sea snake zombie (Hell)
  A red devil (Pan)
  24 tengu conjurers
  4 ancient zymes
  9 meliai
  8 trolls
  A hydra zombie (Hell)
  A yaktaur skeleton (Vaults:3)
  A hornet (shapeshifter) (Lair:5)
  A meliai (shapeshifter) (Vaults:5)
  27 merfolk
  Prince Ribbit (Lair:3)
  5 hornets
  A polar bear (Lair:4)
  2 raiju (Abyss:1)
  19 hellwings
  35 blink frogs
  19 wind drakes
  A fire giant simulacrum (Vaults:4)
  12 dream sheep
  3 alligator zombies (Hell)
  A dream sheep (shapeshifter) (Vaults:5)
  2 human simulacra (Vaults:4)
  Sigmund (D:2)
  96 slime creatures
  20 water elementals
  11 spriggans
  3 air elementals
  16 snapping turtles
  A centaur simulacrum (D:13)
  A shapeshifter (Zot:5)
  48 yaks
  A culicivora (shapeshifter) (Lair:5)
  A spriggan (shapeshifter) (D:14)
  4 dire elephant simulacra (IceCv)
  12 ynoxinuls
  8 basilisks
  2 wraiths
  4 wyverns
  A basilisk (shapeshifter) (Depths:3)
  6 starcursed masses
  5 hogs (Snake:3)
  12 chaos spawn
  4 fire bats (Depths:2)
  2 fire elementals
  4 golden eyes
  9 neqoxecs
  18 large abominations
  2 redbacks (Vaults:1)
  2 vampire mosquitoes
  41 nagas
  A human zombie (Vaults:4)
  7 wargs
  A swamp worm (shapeshifter) (D:14)
  7 acid dragons
  A harpy simulacrum (IceCv)
  2 hydra simulacra (IceCv)
  17 water moccasins
  A floating eye (shapeshifter) (Depths:3)
  5 hell hounds (Hell)
  2 floating eyes
  A glowing shapeshifter skeleton (Vaults:3)
  Duvessa (D:6)
  3 ice beasts
  31 orc warriors
  An ice beast (shapeshifter) (Lair:5)
  3 black bears
  22 ogres
  4 wolves (Orc:1)
  12 centaurs
  2 elf simulacra (Vaults:4)
  21 small abominations
  14 kobold brigands
  16 bullfrogs
  A bullfrog (shapeshifter) (Vaults:5)
  A necrophage (D:8)
  2 gnoll sergeants
  A cyclops zombie (Orc:1)
  An earth elemental (Elf:1)
  A glowing shapeshifter simulacrum (Vaults:4)
  An ogre simulacrum (Vaults:4)
  Dowan (D:6)
  6 wights (D:8)
  37 killer bees
  2 electric eels
  6 howler monkeys
  A quasit (Abyss:2)
  A lava snake (D:14)
  21 jellies
  17 orc priests
  Crazy Yiuf (D:6)
  6 hounds
  2 gnoll boudas
  Jessica (D:3)
  3 iguanas
  5 hell rats (Hell)
  A lightning spire (Zot:3)
  27 orc wizards
  2 spriggan simulacra
  A troll simulacrum (IceCv)
  18 gnolls
  4 adders
  2 white imps
  7 ufetubi
  3 worms
  2 dart slugs
  83 orcs
  2 ball pythons
  6 endoplasms
  3 giant cockroaches
  8 goblins
  3 hobgoblins
  2 quokkas
  4 bats
  4 frilled lizards
  20 kobolds
  4 rats
  A fire vortex (Depths:3)
  A starspawn tentacle (Abyss:3)
  A tentacle (Shoals:1)
2795 creatures vanquished.

Vanquished Creatures (collateral kills)
  A golden dragon (Zot:5)
  A Tzitzimitl (Depths:4)
  A Brimstone Fiend (Pan)
  3 doom hounds (Depths:4)
  2 Orb Guardians (Zot:5)
  A deep elf sorcerer (Elf:3)
  3 putrid mouths (Depths:4)
  A two-headed ogre (D:4)
  2 deep elf archers (Elf:3)
  A deep elf zephyrmancer (Elf:3)
  2 moths of wrath (Zot:5)
18 creatures vanquished.

Vanquished Creatures (others)
  An eldritch tentacle (Pan)
  A vault warden (Vaults:4)
  A demonspawn blood saint (Pan)
  A red draconian (Zot:3)
  4 deep elf knights
  A deep elf zephyrmancer (Elf:3)
  A deep elf pyromancer (Elf:2)
  Maurice (D:8)
  A tengu conjurer (WizLab)
  A chaos spawn (Pan)
  An orc warrior (Orc:2)
  A centaur (D:14)
  A jelly (Zot:4)
  An ice beast zombie (Lair:5)
  A bush (Lair:5)
  2 fire vortices (Pan)
  26 fungi
  64 plants
  9 starspawn tentacles (Abyss:3)
  3 tentacles (Shoals:1)
  4 toadstools (D:10)
126 creatures vanquished.

Grand Total: 2939 creatures vanquished

Notes
Turn   | Place    | Note
-------+----------+-------------------------------------------
     0 | D:1      | Khashishi the Formicid Fighter began the quest for the Orb.
     0 | D:1      | Reached XP level 1. HP: 18/18 MP: 1/1
    91 | D:1      | Found Cakhucan's Weapon Emporium.
    95 | D:1      | Reached XP level 2. HP: 24/24 MP: 2/2
   315 | D:1      | Reached skill level 1 in Ranged Weapons
   406 | D:1      | Reached XP level 3. HP: 30/30 MP: 3/3
   581 | D:2      | Identified the amulet "Buzueps" {RegenMP rElec Str+3}
   814 | D:2      | Noticed Sigmund
   844 | D:2      | Killed Sigmund
   845 | D:2      | Reached skill level 5 in Fighting
   845 | D:2      | Reached XP level 4. HP: 17/39 MP: 4/4
   845 | D:2      | Reached XP level 5. HP: 19/44 MP: 5/5
   845 | D:2      | Reached XP level 6. HP: 23/51 MP: 6/6
  1127 | D:3      | Found Niak's Assorted Antiques.
  1135 | D:3      | Bought a scroll labelled POGOKH NERA for 26 gold pieces
  1135 | D:3      | Bought a scroll labelled WUR TOKOLEE for 26 gold pieces
  1135 | D:3      | Bought a scroll labelled HEXITZ TOOKHI for 26 gold pieces
  1135 | D:3      | Bought a scroll labelled PUSHRA HANUXE for 26 gold pieces
  1340 | D:3      | Found Adyoceud's Jewellery Emporium.
  1371 | D:3      | Noticed Jessica
  1373 | D:3      | Killed Jessica
  1673 | D:3      | Found Foikyorgh's Distillery.
  1685 | D:3      | Bought a potion of lignification for 30 gold pieces
  1868 | D:4      | Noticed a black bear
  1875 | D:4      | Killed a black bear
  1876 | D:4      | Reached skill level 1 in Dodging
  1876 | D:4      | Reached XP level 7. HP: 54/56 MP: 7/7
  1892 | D:4      | Noticed a two-headed ogre
  1895 | D:4      | Found Biokussexe's Book Shoppe.
  2047 | D:4      | Acquired a manual of Armour
  2061 | D:5      | Entered Level 5 of the Dungeon
  2081 | D:5      | Acquired the +2 kite shield of Yxoamumi {Regen+ Int+4
                  | Dex+3}
  2173 | D:4      | Killed a two-headed ogre
  2174 | D:4      | Reached skill level 5 in Armour
  2174 | D:4      | Reached XP level 8. HP: 35/65 MP: 8/8
  2340 | D:4      | Found an iron altar of Okawaru.
  2716 | D:5      | Reached skill level 5 in Ranged Weapons
  2718 | D:5      | Found an ornate altar of the Wu Jian Council.
  2825 | D:5      | Reached XP level 9. HP: 48/71 MP: 9/9
  2977 | D:5      | Found a staircase to the Ecumenical Temple.
  3052 | Temple   | Entered the Ecumenical Temple
  3357 | Temple   | Became a worshipper of Uskayaw the Reveller
  3444 | D:5      | Reached * piety under Uskayaw
  3663 | D:5      | Reached ** piety under Uskayaw
  3669 | D:5      | Reached skill level 1 in Invocations
  3754 | D:6      | Reached skill level 1 in Stealth
  3775 | D:6      | Reached *** piety under Uskayaw
  3781 | D:6      | Reached **** piety under Uskayaw
  3787 | D:6      | Reached ***** piety under Uskayaw
  3933 | D:6      | Found a blossoming altar of Fedhas.
  3975 | D:6      | Noticed Duvessa
  3982 | D:6      | Noticed Dowan
  3986 | D:6      | Killed Duvessa
  3989 | D:6      | Killed Dowan
  4134 | D:6      | Reached XP level 10. HP: 79/79 MP: 13/13
  4472 | D:6      | Found a runed translucent door.
  4473 | D:6      | Noticed Crazy Yiuf
  4479 | D:6      | Killed Crazy Yiuf
  4662 | D:7      | Reached skill level 5 in Invocations
  4800 | D:7      | Identified the +1 ring mail of Iheroabew {Dex+3}
  5197 | D:7      | Noticed Maggie
  5202 | D:7      | Killed Maggie
  6021 | D:8      | Noticed Maurice
  6030 | D:8      | Killed Maurice
  6054 | D:8      | Reached skill level 5 in Staves
  6225 | D:8      | Noticed Joseph
  6235 | D:8      | Banished Joseph
  6288 | D:8      | Noticed Psyche
  6294 | D:8      | Noticed a manticore
  6299 | D:8      | Killed Psyche
  6312 | D:8      | Killed a manticore
  6313 | D:8      | Reached skill level 10 in Armour
  6313 | D:8      | Reached XP level 11. HP: 22/86 MP: 6/15
  6416 | D:8      | Reached ****** piety under Uskayaw
  6998 | D:9      | Noticed a boulder beetle
  7022 | D:9      | Killed a boulder beetle
  7074 | D:9      | Reached skill level 10 in Shields
  7502 | D:10     | Entered Level 10 of the Dungeon
  7506 | D:10     | Noticed a two-headed ogre
  7515 | D:10     | Killed a two-headed ogre
  7516 | D:10     | Reached XP level 12. HP: 94/94 MP: 16/18
  7538 | D:10     | Noticed Snorg
  7549 | D:10     | Killed Snorg
  7550 | D:10     | Found Lyrir's Assorted Antiques.
  7553 | D:10     | Found Siwkum's Book Emporium.
  7565 | D:10     | Bought a scroll labelled HAZUOL MOUM for 23 gold pieces
  7733 | D:10     | Found Hapsuphi's Jewellery Boutique.
  7748 | D:10     | Found Leogiuhe's Weapon Boutique.
  7930 | D:10     | Found Odghor's Antique Armour Shoppe.
  7932 | D:10     | Found a staircase to the Lair.
  7950 | D:10     | Bought a pair of runed boots for 180 gold pieces
  7973 | D:10     | Found an opulent altar of Gozag.
  7973 | D:10     | Found an ancient bone altar of Kikubaaqudgha.
  8101 | D:10     | Found a staircase to the Orcish Mines.
  8270 | Lair:1   | Entered Level 1 of the Lair of Beasts
  8486 | Lair:1   | Identified the +8 dagger "Nujifaum" {freeze, Contam rC+
                  | MP+9}
  8602 | Lair:1   | Noticed a seven-headed hydra
  8614 | Lair:1   | Killed a seven-headed hydra
  8652 | Lair:1   | Noticed Gastronok
  8673 | Lair:1   | Killed Gastronok
  9113 | Lair:2   | Found a staircase to the Shoals.
  9217 | Lair:2   | Found a frozen archway.
  9233 | IceCv    | Entered an ice cave
  9440 | IceCv    | Reached XP level 13. HP: 102/103 MP: 20/20
  9486 | IceCv    | Reached skill level 10 in Fighting
  9507 | IceCv    | Reached skill level 10 in Staves
  9969 | Lair:2   | Found a transporter.
  9970 | Lair:2   | Noticed ParallaxScroll's ghost (journeyman DEHs)
 10032 | Lair:2   | Found a transporter.
 10032 | Lair:2   | Identified the +1 cloak of the Morning Star {rC+}
 10034 | Lair:2   | Killed ParallaxScroll's ghost
 10035 | Lair:2   | Reached skill level 10 in Invocations
 10039 | Lair:2   | Identified the ring "Asigh" {Str+2 SInv}
 10329 | Lair:2   | Found a staircase to the Snake Pit.
 10821 | Lair:3   | Noticed Prince Ribbit
 10831 | Lair:3   | Killed Prince Ribbit
 11004 | Lair:3   | Identified the +0 ring mail of Meablonn {Dex+6}
 11286 | Lair:3   | Reached XP level 14. HP: 111/111 MP: 21/21
 12233 | Lair:4   | Identified the +1 great mace of Grontol {pain, rC+ rN++}
 12511 | Lair:5   | Entered Level 5 of the Lair of Beasts
 12522 | Lair:5   | Reached skill level 15 in Armour
 12836 | Lair:5   | Reached XP level 15. HP: 120/120 MP: 23/23
 13121 | Lair:5   | Found a corrupted altar of Lugonu.
 13121 | Lair:5   | Found a one-way gate to the infinite horrors of the Abyss.
 13134 | Lair:5   | Identified the +7 longbow of Ezor {heavy, Int-2 Dex+7}
 13347 | Lair:5   | Found a staircase to the Slime Pits.
 13874 | D:11     | Identified the ring "Otosmo Foku" {rPois Will+}
 14631 | D:12     | Found a runed translucent gate.
 14631 | D:12     | Found a runed translucent gate.
 14632 | D:12     | Found a runed translucent gate.
 14635 | D:12     | Noticed Rudyous's ghost (journeyman MiFi)
 14694 | D:12     | Killed Rudyous's ghost
 14761 | D:12     | Found Poeblu Oczu's Antique Weapon Shoppe.
 14775 | D:12     | Found Bonwuy's Weapon Emporium.
 14829 | D:12     | Reached skill level 15 in Shields
 14958 | D:12     | Found Meir's Antique Weapon Boutique.
 14966 | D:12     | Bought a steaming executioner's axe for 390 gold pieces
 14966 | D:12     | Identified the +3 executioner's axe of Lahasm {flame, rPois
                  | SInv} (You bought it in a shop on level 12 of the Dungeon)
 15040 | D:12     | Found Ruv Feat's Distillery.
 15092 | D:13     | Found Zoraurph's General Store.
 15105 | D:13     | Bought a scroll of enchant weapon for 105 gold pieces
 15328 | D:13     | Reached XP level 16. HP: 130/130 MP: 25/25
 15332 | D:13     | Noticed Lodul
 15336 | D:13     | Killed Lodul
 15373 | D:13     | Reached skill level 5 in Stealth
 16283 | D:12     | Bought a brightly glowing shortbow for 168 gold pieces
 16283 | D:12     | Identified the +7 shortbow "Parroroa" {heavy, Int+2} (You
                  | bought it in a shop on level 12 of the Dungeon)
 16532 | D:14     | Noticed Frances
 16548 | D:14     | Killed Frances
 16593 | D:14     | Found Fuunto's Weapon Boutique.
 16699 | D:14     | Found a gate to the Vaults.
 17039 | D:14     | Identified the +0 chain mail "Naunefi" {rElec Str+3}
 17056 | D:14     | Got the Guide on the Geodesic
 17102 | D:15     | Entered Level 15 of the Dungeon
 17272 | D:15     | Found a shimmering blue altar of Sif Muna.
 17387 | D:15     | Reached XP level 17. HP: 93/138 MP: 24/27
 17563 | D:15     | Found a staircase to the Depths.
 18018 | D:3      | Bought the ring "Emoesen" {rPois Str+5 Dex+4} for 504 gold
                  | pieces
 18018 | D:3      | Bought the ring of Limposem {*Corrode Will+ Str+5 Dex+7}
                  | for 567 gold pieces
 18018 | D:3      | Bought the ring "Xioniv" {Fly rCorr Int+2 Dex+2} for 423
                  | gold pieces
 18199 | Orc:1    | Entered Level 1 of the Orcish Mines
 18229 | Orc:1    | Found Ybuf's Magic Scroll Shoppe.
 18268 | Orc:1    | Found Naesozof's Antique Armour Emporium.
 18526 | Orc:1    | Found the +8 frozen axe "Frostbite" {freeze, freezing
                  | cloud, *Noise Fly rC+}
 18533 | Orc:1    | Identified the +1 battleaxe of Valour {flame, *Corrode
                  | +Blink rF+ Stlth+}
 19017 | Orc:2    | Entered Level 2 of the Orcish Mines
 19168 | Orc:2    | Found a staircase to the Elven Halls.
 19372 | Orc:2    | Noticed Nergalle
 19382 | Orc:2    | Killed Nergalle
 19407 | Orc:2    | Noticed Saint Roka
 19425 | Orc:2    | Killed Saint Roka
 19426 | Orc:2    | Reached skill level 15 in Invocations
 19459 | Orc:2    | Noticed Urug
 19468 | Orc:2    | Killed Urug
 19490 | Orc:2    | Found Tuwiets's Antique Weapon Emporium.
 19518 | Orc:2    | Found Xyzooret's General Store.
 19756 | Orc:2    | Found Miliymas's Antique Armour Emporium.
 19762 | Orc:2    | Bought a faintly humming cloak for 237 gold pieces
 19762 | Orc:2    | Identified the +0 cloak of the Bells {Contam rC+++ Str+4}
                  | (You bought it in a shop on level 2 of the Orcish Mines)
 19878 | Orc:2    | Found Panioca's Book Emporium.
 19981 | Elf:1    | Entered Level 1 of the Elven Halls
 20502 | Elf:1    | Found Zafeumn's Book Shoppe.
 20590 | Elf:1    | Reached XP level 18. HP: 148/148 MP: 29/29
 20703 | Elf:2    | Found Ocrieda's Jewellery Boutique.
 20712 | Elf:2    | Found Areblets's Jewellery Boutique.
 20740 | Elf:2    | Found Sobeq's Assorted Antiques.
 20752 | Elf:2    | Found Cepsoor's Book Boutique.
 20832 | Elf:2    | Reached skill level 15 in Fighting
 20835 | Elf:2    | Reached skill level 10 in Ranged Weapons
 20882 | Elf:2    | Reached skill level 5 in Dodging
 21179 | Elf:2    | Found a runed translucent door.
 21209 | Elf:2    | Found a runed translucent door.
 21725 | Orc:1    | Bought a scroll of acquirement for 780 gold pieces
 21762 | Elf:2    | Upgraded the game from 0.30-a0-672-gc3a7216ad8 to
                  | 0.30-a0-691-g754fce4c43
 21763 | Elf:2    | Acquired the +6 hand crossbow "Roeniot" {freeze, rElec
                  | Int+3 Dex+5}
 21784 | Elf:3    | Entered Level 3 of the Elven Halls
 22139 | Shoals:1 | Entered Level 1 of the Shoals
 22415 | Shoals:1 | Noticed a kraken
 22430 | Shoals:1 | Killed a kraken
 22613 | Shoals:1 | Reached XP level 19. HP: 157/157 MP: 31/31
 23181 | Shoals:2 | Found a hide-covered altar of Uskayaw.
 23472 | Shoals:2 | Noticed Ilsuiw
 23480 | Shoals:2 | Killed Ilsuiw
 24539 | Shoals:3 | Noticed Polyphemus
 24544 | Shoals:3 | Killed Polyphemus
 24802 | Shoals:4 | Entered Level 4 of the Shoals
 24904 | Shoals:4 | Noticed Mara
 24915 | Shoals:4 | Killed Mara
 24932 | Shoals:4 | Noticed Bai Suzhen
 24938 | Shoals:4 | Killed Bai Suzhen
 24954 | Shoals:4 | Got Serchus's Compendium of Blight and Spectres
 25095 | Shoals:4 | Noticed Nikola
 25110 | Shoals:4 | Killed Nikola
 25117 | Shoals:4 | Reached XP level 20. HP: 92/166 MP: 32/32
 25519 | Shoals:4 | Got a barnacled rune of Zot
 26080 | Snake:1  | Entered Level 1 of the Snake Pit
 27735 | Snake:2  | Noticed Vashnia
 27749 | Snake:2  | Killed Vashnia
 27817 | Snake:2  | You are sucked into a shaft and drop 1 floor!
 27858 | Snake:3  | Found Yssoci Hityt's Magic Scroll Boutique.
 28203 | Snake:3  | Noticed Kirke
 28244 | Snake:3  | Killed Kirke
 28829 | Snake:4  | Entered Level 4 of the Snake Pit
 28927 | Snake:4  | Reached skill level 15 in Ranged Weapons
 28938 | Snake:4  | Reached XP level 21. HP: 174/174 MP: 33/33
 28947 | Snake:4  | Found a transporter.
 28949 | Snake:4  | Found a transporter.
 29219 | Snake:4  | Found a transporter.
 29221 | Snake:4  | Found a transporter.
 29233 | Snake:4  | Found a transporter.
 29233 | Snake:4  | Found a transporter.
 29355 | Snake:4  | Identified Roxanne's Omnibus of the Rocks
 29355 | Snake:4  | Noticed Roxanne
 29369 | Snake:4  | Killed Roxanne
 29520 | Snake:4  | Got a serpentine rune of Zot
 29838 | Vaults:1 | Entered Level 1 of the Vaults
 30375 | Vaults:1 | Reached skill level 1 in Evocations
 30424 | Vaults:1 | Noticed Aizul
 30441 | Vaults:1 | Killed Aizul
 30836 | Vaults:1 | Reached XP level 22. HP: 183/183 MP: 35/35
 31123 | Vaults:2 | Upgraded the game from 0.30-a0-691-g754fce4c43 to
                  | 0.30-a0-696-g2367cd04db
 31435 | Vaults:2 | Identified the +5 shortbow "Roesemut" {flame, rElec Dex+3}
 31810 | Vaults:2 | Identified the +1 halberd of the Chickpea {flame, Fly rC+
                  | Str-4 Dex+3}
 32027 | Vaults:2 | Found Feobukly's Assorted Antiques.
 32763 | Vaults:3 | Found a staircase to the Crypt.
 32981 | Vaults:3 | You are sucked into a shaft and drop 1 floor!
 33069 | Vaults:3 | Reached XP level 23. HP: 172/191 MP: 31/36
 33148 | Vaults:3 | Found the +16 obsidian axe {drain, demonic, Mesm Drain Fly
                  | SInv}
 34727 | Vaults:4 | Found a runed translucent gate.
 34727 | Vaults:4 | Found a runed translucent gate.
 34727 | Vaults:4 | Found a runed translucent gate.
 34730 | Vaults:4 | Noticed Tuhajigi's ghost (adept TrFi)
 34789 | Vaults:4 | Killed Tuhajigi's ghost
 35195 | Depths:1 | Entered Level 1 of the Depths
 35342 | Depths:1 | Found a one-way gateway to a ziggurat.
 35386 | Depths:1 | Identified the +3 long sword "Wofefiun" {drain, Fly Str+4}
 35453 | Depths:1 | Found a gateway to Hell.
 36213 | Depths:2 | Found a one-way gate leading to the halls of Pandemonium.
 36308 | Depths:2 | Found a magical portal.
 36331 | WizLab   | Entered Iskenderun's Mystic Tower
 36372 | WizLab   | Reached XP level 24. HP: 201/201 MP: 37/37
 36546 | WizLab   | Got Iskenderun's Catalogue of the Fifth Circle
 37252 | Depths:2 | Found a sparkling altar of Nemelex Xobeh.
 37757 | Depths:3 | Acquired a manual of Fighting
 39087 | Depths:4 | Entered Level 4 of the Depths
 39141 | Depths:4 | Found a flickering gateway to a bazaar.
 39152 | Bazaar   | Entered a bazaar
 39166 | Bazaar   | Found Kerchoamm's Jewellery Emporium.
 39187 | Bazaar   | Found Vumnuez's Armour Shoppe.
 39202 | Bazaar   | Found Gumarel's General Store.
 39393 | Depths:4 | Reached XP level 25. HP: 195/212 MP: 34/37
 39505 | Depths:4 | Found a gate to the Realm of Zot.
 39657 | Depths:4 | Noticed a juggernaut
 39668 | Depths:4 | Killed a juggernaut
 39765 | Depths:4 | Found a radiant altar of Vehumet.
 41567 | Elf:3    | Identified the amulet of Midnight {Faith Fragile rF+ Dex+3}
 41580 | Elf:3    | Identified the +15 plate armour "Noochoon" {Harm rElec
                  | Int-3 Dex+4}
 41626 | Elf:3    | HP: 2/215 [deep elf sorcerer/damnation (48)]
 41778 | Elf:3    | Identified the ring of Autotheism {rElec rF- rC++ rN+ MP+9}
 41833 | Elf:3    | Identified the +5 eveningstar of Noygh {venom, rPois rN+
                  | SInv}
 41839 | Elf:3    | Identified the +8 sling of Innocence {drain, rElec rC- MP-9
                  | SInv}
 41841 | Elf:3    | Identified the +5 hand axe of Valiance {drain, Will+ Dex+3}
 41878 | Elf:3    | Identified the +8 halberd of Extermination {holy, rC++}
 41878 | Elf:3    | Identified the amulet "Joarat" {Spirit rN+}
 42412 | Vaults:5 | Entered Level 5 of the Vaults
 42462 | Vaults:5 | Reached XP level 26. HP: 207/224 MP: 27/37
 42902 | Vaults:5 | Identified the ring "Zeigeg" {Will+ Int+6}
 43020 | Vaults:5 | Got a silver rune of Zot
 43280 | Vaults:5 | Identified the +7 scimitar "Bunuitaose" {flame, rCorr
                  | Str+3}
 43543 | Vaults:5 | Found Toxezy's Magic Scroll Shoppe.
 43544 | Vaults:5 | Identified the ring of Xom's Entertainment {Fire +Blink rN+
                  | Dex-5}
 43642 | Vaults:5 | Noticed a dread lich
 43644 | Vaults:5 | Killed a dread lich
 43696 | Vaults:5 | Noticed a dread lich
 43710 | Vaults:5 | Killed a dread lich
 44210 | Depths:3 | Voluntarily entered the Abyss.
 44475 | Abyss:2  | Found a corrupted altar of Lugonu.
 44827 | Abyss:3  | Got an abyssal rune of Zot
 44907 | Abyss:3  | Reached XP level 27. HP: 235/235 MP: 29/38
 44981 | Depths:3 | Escaped the Abyss
 45283 | Slime:1  | Entered Level 1 of the Pits of Slime
 45306 | Slime:2  | Found a viscous altar of Jiyva.
 45399 | Slime:5  | Entered Level 5 of the Pits of Slime
 45442 | Slime:5  | Found a viscous altar of Jiyva.
 45443 | Slime:5  | Noticed the Royal Jelly
 45448 | Slime:5  | Killed the Royal Jelly
 45498 | Slime:5  | Identified the +3 flail of the Blushing Puffin {speed,
                  | Dex+5}
 45500 | Slime:5  | Got a slimy rune of Zot
 45516 | Slime:5  | Identified the +1 hat of the Evening Star {Harm rPois
                  | Stlth-}
 45519 | Slime:5  | Identified the +1 morningstar of Asos {freeze, rPois rC++
                  | Str-4}
 45542 | Slime:5  | Identified the +6 rapier of Guheffecs {holy, Contam rF+
                  | Dex+2}
 45556 | Slime:5  | Identified the +6 battleaxe of the Witching Vulture {flame,
                  | Will+ rCorr Dex+2}
 45558 | Slime:5  | Identified the +1 shortbow "Vysar" {heavy, rElec Stlth+}
 45570 | Slime:5  | Got Plog's Almanac of Haze
 45578 | Slime:5  | Identified the +4 ring mail of the Irksome God {rC+ Will-
                  | Regen+ Dex+5}
 45603 | Slime:5  | Got the Atlas of Topomancy and Cadavers
 45605 | Slime:5  | Identified the +6 falchion of Lusting Evisceration {flame,
                  | SInv}
 45619 | Slime:5  | Identified the +5 plate armour of Uwuwoel {Int+6}
 47958 | Orc:2    | Bought the +27 heavy crossbow "Sniper" {heavy, Acc+∞ SInv}
                  | for 2000 gold pieces
 47958 | Orc:2    | Found the +27 heavy crossbow "Sniper" {heavy, Acc+∞ SInv}
 48287 | Zot:1    | Entered Level 1 of the Realm of Zot
 49192 | Zot:1    | Found a transporter.
 49793 | Zot:2    | Found a runed translucent gate.
 49794 | Zot:2    | Found a runed translucent gate.
 49795 | Zot:2    | Found a runed translucent gate.
 49795 | Zot:2    | Noticed AzureAlchemist's ghost (veteran DgEE)
 49798 | Zot:2    | Identified the ring "Veydimas" {Fire Drain rN+ Str+6 Int+2}
 49837 | Zot:2    | Noticed an orb of fire
 49839 | Zot:2    | Gained mutation: Your body sometimes deteriorates upon
                  | taking damage. [an orb of fire]
 49841 | Zot:2    | Gained mutation: You occasionally shout uncontrollably at
                  | your foes. [an orb of fire]
 49845 | Zot:2    | Killed an orb of fire
 49915 | Zot:2    | Found a transporter.
 50395 | Zot:2    | Found a transporter.
 50420 | Zot:2    | Found a transporter.
 50425 | Zot:2    | Found a transporter.
 50619 | Zot:3    | Noticed an orb of fire
 50624 | Zot:3    | Gained mutation: You do not regenerate when monsters are
                  | visible. [an orb of fire]
 50627 | Zot:3    | Killed an orb of fire
 50656 | Zot:3    | You are sucked into a shaft and drop 1 floor!
 50673 | Zot:4    | Identified the +6 plate armour of the Game of Kings {rF-
                  | rN+ Int+4 Stlth+}
 51168 | Zot:3    | Lost mutation: Your body sometimes deteriorates upon taking
                  | damage. [potion of mutation]
 51168 | Zot:3    | Lost mutation: You do not regenerate when monsters are
                  | visible. [potion of mutation]
 51168 | Zot:3    | Gained mutation: You occasionally lose the ability to read
                  | scrolls when taking damage. [potion of mutation]
 51168 | Zot:3    | Gained mutation: You frequently scream uncontrollably at
                  | your foes. [potion of mutation]
 53006 | Zot:5    | Entered Level 5 of the Realm of Zot
 53324 | Zot:5    | Noticed a dread lich
 53326 | Zot:5    | Killed a dread lich
 53331 | Zot:5    | Noticed an ancient lich
 53332 | Zot:5    | Killed an ancient lich
 53378 | Zot:5    | Noticed a Killer Klown
 53384 | Zot:5    | Noticed an orb of fire
 53388 | Zot:5    | Killed an orb of fire
 53388 | Zot:5    | Noticed an orb of fire
 53393 | Zot:5    | Gained mutation: Your spells are a little harder to cast,
                  | but a little more powerful. [an orb of fire]
 53393 | Zot:5    | Gained mutation: You are frail. (-10% HP) [an orb of fire]
 53394 | Zot:5    | Noticed an ancient lich
 53400 | Zot:5    | Killed a Killer Klown
 53400 | Zot:5    | Gained mutation: You are weak. (Str -2) [an orb of fire]
 53402 | Zot:5    | Killed an orb of fire
 53405 | Zot:5    | Killed an ancient lich
 53551 | Zot:5    | Noticed a dread lich
 53554 | Zot:5    | Killed a dread lich
 53555 | Zot:5    | Noticed a dread lich
 53558 | Zot:5    | Killed a dread lich
 53569 | Zot:5    | Noticed an ancient lich
 53571 | Zot:5    | Noticed a dread lich
 53576 | Zot:5    | Killed a dread lich
 53584 | Zot:5    | Killed an ancient lich
 53592 | Zot:5    | Noticed an orb of fire
 53597 | Zot:5    | Killed an orb of fire
 53661 | Zot:5    | Noticed an orb of fire
 53662 | Zot:5    | Killed an orb of fire
 53671 | Zot:5    | Reached skill level 27 in Ranged Weapons
 53672 | Zot:5    | Noticed an orb of fire
 53677 | Zot:5    | Noticed a Killer Klown
 53688 | Zot:5    | Gained mutation: Your natural rate of healing is unusually
                  | fast. [an orb of fire]
 53689 | Zot:5    | Noticed a dread lich
 53690 | Zot:5    | Killed an orb of fire
 53690 | Zot:5    | Noticed a dread lich
 53694 | Zot:5    | Killed a dread lich
 53694 | Zot:5    | Noticed an ancient lich
 53697 | Zot:5    | Killed a dread lich
 53701 | Zot:5    | Killed an ancient lich
 53708 | Zot:5    | Killed a Killer Klown
 53906 | Zot:5    | Upgraded the game from 0.30-a0-696-g2367cd04db to
                  | 0.30-a0-711-gf4ac18a38d
 54102 | Hell     | Entered the Vestibule of Hell
 54102 | Hell     | Noticed Geryon
 54112 | Hell     | Killed Geryon
 54136 | Hell     | Noticed Murray
 54157 | Depths:4 | Reached skill level 10 in Stealth
 54262 | Hell     | Killed Murray
 54405 | Hell     | Found a gateway to the ashen valley of Gehenna.
 54484 | Hell     | Found a gateway to the decaying netherworld of Tartarus.
 54524 | Hell     | Found a gateway to the freezing wastes of Cocytus.
 54568 | Hell     | Found a gateway to the Iron City of Dis.
 54713 | Depths:4 | Lost mutation: You are frail. (-10% HP) [potion of
                  | mutation]
 54713 | Depths:4 | Lost mutation: Your natural rate of healing is unusually
                  | fast. [potion of mutation]
 54713 | Depths:4 | Lost mutation: You are weak. (Str -2) [potion of mutation]
 54713 | Depths:4 | Gained mutation: You are robust. (+10% HP) [potion of
                  | mutation]
 54713 | Depths:4 | Gained mutation: Your magical capacity is low. (-10% MP)
                  | [potion of mutation]
 54714 | Depths:4 | Lost mutation: You occasionally lose the ability to read
                  | scrolls when taking damage. [potion of mutation]
 54714 | Depths:4 | Lost mutation: You frequently scream uncontrollably at your
                  | foes. [potion of mutation]
 54714 | Depths:4 | Lost mutation: Your spells are a little harder to cast, but
                  | a little more powerful. [potion of mutation]
 54714 | Depths:4 | Gained mutation: You have large cloven feet. [potion of
                  | mutation]
 54714 | Depths:4 | Gained mutation: You passively map a small area around you.
                  | [potion of mutation]
 54714 | Depths:4 | Gained mutation: Your spells are a little harder to cast,
                  | but a little more powerful. [potion of mutation]
 54813 | Pan      | Entered Pandemonium
 55230 | Pan      | Noticed Uwnabuar the pandemonium lord
 55233 | Pan      | Killed Uwnabuar the pandemonium lord
 55349 | Pan      | Noticed Ducent the pandemonium lord
 55354 | Pan      | Killed Ducent the pandemonium lord
 55552 | Pan      | Noticed Equtujuk the pandemonium lord
 55626 | Pan      | Killed Equtujuk the pandemonium lord
 56164 | Pan      | Noticed Yluwaerr the pandemonium lord
 56177 | Pan      | Killed Yluwaerr the pandemonium lord
 56177 | Pan      | Gained mutation: Armour fits poorly on your strangely
                  | shaped body. [a neqoxec]
 56320 | Pan      | Identified the +5 scale mail of Privacy {-Tele rPois rC+
                  | Regen+}
 56321 | Pan      | Reached skill level 27 in Shields
 56401 | Pan      | Learned a level 3 spell: Portal Projectile
 56560 | Pan      | Reached skill level 1 in Spellcasting
 56560 | Pan      | Reached skill level 1 in Hexes
 56562 | Pan      | Reached skill level 1 in Translocations
 56574 | Pan      | Noticed Caiteogar the pandemonium lord
 56588 | Pan      | Killed Caiteogar the pandemonium lord
 56590 | Pan      | Identified the ring of Desertification {rElec rN+ Dex+6}
 56613 | Pan      | Entered the realm of Lom Lobon.
 56892 | Pan      | Noticed Lom Lobon
 56893 | Pan      | Killed Lom Lobon
 56919 | Pan      | Got a magical rune of Zot
 57054 | Pan      | Entered the realm of Cerebov.
 57139 | Pan      | Reached skill level 5 in Hexes
 57186 | Pan      | Found the +6 sword of Cerebov {flame}
 57186 | Pan      | Noticed Cerebov
 57194 | Pan      | HP: 1/268 [Cerebov/the +6 sword of Cerebov {flame} (34)]
 57194 | Pan      | Slain by Cerebov

Illustrated notes

Levels and vault maps discovered:
D:1:      giann_wishing_wells, layout_basic, serial_shops,
          nicolae_lakefront_shop
D:2:      layout_rooms, patterned_corridor, uniq_sigmund
D:3:      layout_loops_ring, serial_shops, nicolae_shop_trees, shop_statue,
          shop_fountains, uniq_jessica
D:4:      layout_cave_pools, lemuel_doored_altar, serial_shops, shop,
          grunt_decor_one_mirror
D:5:      layout_loops_ring, nzn_wu_jian_contemplation, minmay_temple_entry_tees
D:6:      layout_loops_ring, fedhas_altar_3, uniq_crazy_yiuf_cottage,
          uniq_duvessa
D:7:      layout_layer_cave, hangedman_abyss_or_decor_jellyfish_corner,
          grunt_ogre_cave, dk_noncrumbling_4, uniq_maggie
D:8:      minmay_s_stair_smasher, layout_loops_ring, feat_on_display,
          uniq_joseph, uniq_maurice, uniq_psyche
D:9:      layout_cave_pools, nzn_sisyphean_effort
D:10:     layout_irregular_city, gammafunk_temple_overflow_elements,
          lair_entry_dummy, hiddenorc1_lemuel, serial_shops,
          nicolae_stop_n_shop_2, nicolae_shop_crystal, shop, shop,
          nicolae_shop_waterfront, minmay_gold_behind_fungi, uniq_snorg
D:11:     minmay_cornered_nines, layout_small_grid, minmay_librarian
D:12:     layout_rooms, serial_shops, nicolae_shop_crystal,
          nicolae_take_the_stairs, kennysheep_mini_moat, shop,
          gammafunk_ghost_nasty_kobolds
D:13:     minmay_the_grid_3x3 [minmay_the_grid_pillar_ring,
          minmay_the_grid_empty, minmay_the_grid_dragon_b,
          minmay_the_grid_all_tris, minmay_the_grid_minigrid_large,
          minmay_the_grid_box_x, minmay_the_grid_tri_star,
          minmay_the_grid_stretched_grid, minmay_the_grid_prize_four_corners],
          layout_stronghold, serial_shops, nicolae_diamond_shop, uniq_lodul
D:14:     layout_basic, lightli_vaults_fourway_checkpoint, serial_shops,
          nicolae_shop_behind_doors, nicolae_elevator_lobby_plus,
          nicolae_lava_and_water, minivault_12, uniq_frances
D:15:     hangedman_depths_entry_try_elsewhere_first, layout_small_grid,
          led_sif_pool
Temple:   minmay_temple_bridge_d
Lair:1:   layout_regular_city, uniq_gastronok
Lair:2:   wander_river, layout_regular_city, shoals_dummy_entry,
          nicolae_snake_entry_squirm, gammafunk_ghost_berserking_beasts,
          portal_ice_cave_entry_pillars_1
Lair:3:   layout_cave_pods, uniq_prince_ribbit2
Lair:4:   wad_woods_minihive, layout_hall_layers
Lair:5:   hellmonk_lair_end_abyssal_woods, layout_misc_corridors, slime_entry_1,
          lemuel_fruit_tree, grunt_megastairs_3
Shoals:1: layout_shoals, st_sunken_temple
Shoals:2: layout_shoals, regret_index_shoals_crete, uniq_ilsuiw
Shoals:3: layout_shoals, nicolae_shoals_shepherds, uniq_polyphemus
Shoals:4: shoals_end_grunt_ice, layout_shoals, uniq_nikola, uniq_mara,
          uniq_bai_suzhen
Snake:1:  layout_basic, serial_bayou_shore_b
Snake:2:  layout_onion_interference, uniq_vashnia
Snake:3:  layout_grid_shapes, serial_shops, nicolae_shop_hallway_plus,
          grunt_megastairs_5, uniq_kirke
Snake:4:  grunt_snake_rune_serpentine_throne, layout_rooms,
          serial_nicolae_subway, nicolae_sub_station_stone,
          nicolae_sub_station_metal, nicolae_sub_station_crystal, uniq_roxanne
Slime:1:  layout_caves
Slime:2:  layout_caves, basic_altar
Slime:3:  layout_caves
Slime:4:  layout_caves
Slime:5
Orc:1:    giant_chief_lemuel, layout_caves, serial_shops, shop_statue,
          nicolae_shop_trees, basic_altar
Orc:2:    grunt_orc_cross, layout_caves
Elf:1:    layout_loops_cross, serial_shops, nicolae_shop_behind_doors
Elf:2:    nicolae_elf_blades_splatter_lattice
          [nicolae_blade_entry_splitting_headache], layout_geoelf_octagon,
          serial_shops, nicolae_shop_stone, nicolae_shop_crystal,
          nicolae_shop_crystal, shop
Elf:3:    minmay_elf_hall_spiked, layout_geoelf_castle
Vaults:1: v_misc_3, ontoclasm_vaults_twist, v_misc_1, hangedman_vaults_stagger,
          nicolae_vaults_what_the_h, ontoclasm_vaults_loading_screen,
          layout_vaults_chaotic_city, uniq_saint_roka, uniq_aizul
Vaults:2: vaults_dpeg_ring, nicolae_vaults_network_square,
          hangedman_vaults_trim, nicolae_vaults_diagonal_hallway_9,
          grunt_vaults_bifocal, nicolae_vaults_border_crossing, v_misc_23,
          layout_vaults_omnigrid, serial_shops, shop
Vaults:3: vaults_room_large_hall, minmay_crypt_entry_skeletal_spiral, v_misc_22,
          nicolae_vaults_network_s, v_pattern_2, v_alt_pattern_2,
          v_alt_pattern_1, nicolae_vaults_angled_halls,
          nicolae_vaults_little_ls, vaults_mumra_hex,
          hangedman_vaults_stretched_pinwheel, nicolae_vaults_little_squares_1,
          grunt_vaults_diagonal, hangedman_vaults_cutoff,
          layout_vaults_omnicross
Vaults:4: gammafunk_ghost_necromancy, hangedman_vaults_restitches,
          ontoclasm_vaults_chip, nicolae_vaults_little_squares_6, v_rooms_2,
          v_misc_33, vaults_room_large_hall, vaults_mumra_hexcomb, v_misc_22,
          v_misc_23, nicolae_vaults_angled_halls, v_misc_15,
          hangedman_vaults_capsules, layout_vaults_ring
Vaults:5
Depths:1: layout_gridlike, enter_ziggurat_e, hangedman_coc_ice_floe,
          hangedman_decor_peaks_small, hangedman_abyss_or_decor_stagger,
          moated_statue, minmay_misc_feat_iff, drop_trap
Depths:2: lemuel_flame_loot_2, layout_gridlike,
          lightli_enter_wizlab_magi_temple, old_standard_altar,
          grunt_mini_vestibule, rand_demon_pan_entry_8
Depths:3: evilmike_hourglass, layout_basic, hellmouth_1, abyss_entry,
          infiniplex_staircase_pool_2, grunt_decor_junction, serial_bayou_pond_b
Depths:4: grunt_zot_entry_pinwheel, layout_gridville, serial_shops,
          bzr_in_the_mist, vehumet_crystals, hangedman_abyss_entry_splay,
          hell_entry
Hell
Zot:1:    layout_basic, nicolae_diode_basic
Zot:2:    layout_cathedral_of_symmetry, gammafunk_ghost_split,
          nicolae_diode_intersection
Zot:3:    layout_basic, amethyst_zot_foddershock
Zot:4:    lemuel_acid_trip, layout_cathedral_of_symmetry,
          st_small_dragon_hoard_2
Zot:5:    layout_misc_corridors
Pan:      evilmike_mini_pan_V, layout_basic, nicolae_pan_gloorx_vloqian_4,
          rand_demon_6, layout_onion_city, pan_blood_fountain_small,
          nicolae_pan_sigil_eeng, grunt_pan_zigzag, layout_stronghold,
          pan_blood_fountain, regret_index_pan_draining_boxed, layout_gridlike,
          pan_blood_fountain_small, nicolae_pan_cerebovesque_1, rand_demon_4,
          layout_stronghold, lom_lobon_grunt_wind_tunnels, layout_basic,
          cerebov_grunt_fire_and_steel, layout_basic, nicolae_pan_mnolegish_3

Skill      XL: |  1  2  3  4  5  6  7  8  9 10 11 12 13 14 15 16 17 18 19 20 21 22 23 24 25 26 27 |
---------------+----------------------------------------------------------------------------------+-----
Ranged Weapons | 1 3 4 5 6 7 9 11 13 15 16 17 18 19 20 27 | 27.0
Fighting       | 5 6 7 8 9 10 12 13 14 15 16 17 18 19 20 21 23 25 | 25.9
Dodging        | 1 2 3 4 6 |  6.0
Armour         | 5 6 8 10 11 12 14 15 16 17 18 19 20 21 22 24 | 24.8
Shields        | 6 7 9 10 11 12 13 15 16 17 18 19 20 21 22 23 24 27 | 27.0
Invocations    | 4 6 8 9 10 11 13 14 15 16 17 18 19 20 21 22 24 | 24.9
Stealth        | 3 4 7 8 13 | 13.1
Staves         | 5 7 9 11 12 13 14 | 14.0
Evocations     | 3 |  3.0
Spellcasting   | 4 |  4.0
Hexes          | 5 |  5.3
Translocations | 3 |  3.0

Action                     |  1- 3 |  4- 6 |  7- 9 | 10-12 | 13-15 | 16-18 | 19-21 | 22-24 | 25-27 || total
---------------------------+-------+-------+-------+-------+-------+-------+-------+-------+-------++-------
  Melee: Quarterstaff      |    20 |       |       |   368 |   735 |   580 |   360 |   737 |   820 ||  3620
         Flail             |       |     2 |    31 |       |       |       |       |       |       ||    33
   Fire: Sling             |    53 |    77 |   218 |   232 |   245 |       |       |       |       ||   825
         Longbow           |       |       |       |       |    50 |   272 |       |       |       ||   322
         Hand crossbow     |       |       |       |       |       |    73 |   836 |   732 |  1240 ||  2881
         Heavy crossbow    |       |       |       |       |       |       |       |       |   507 ||   507
  Throw: Dart              |       |       |       |     4 |     1 |       |       |       |       ||     5
         Throwing net      |       |       |       |     1 |       |       |       |       |       ||     1
 Invoke: Stomp             |       |       |     6 |    30 |    32 |    40 |    45 |    65 |    96 ||   314
         Line Pass         |       |       |     6 |     4 |    12 |    17 |    14 |    50 |    56 ||   159
         Grand Finale      |       |       |       |       |     5 |     6 |     5 |     5 |    28 ||    49
Ability: Dig               |       |       |       |     2 |     1 |     2 |       |       |       ||     5
  Evoke: Wand              |       |       |       |     8 |     7 |     7 |       |     4 |     2 ||    28
         Lightning rod     |       |       |       |       |       |       |     4 |       |     4 ||     8
         Phial of floods   |       |       |       |       |       |       |       |     1 |       ||     1
         Phantom mirror    |       |       |       |       |       |       |       |       |     4 ||     4
         Condenser vane    |       |       |       |       |       |       |       |       |     3 ||     3
    Use: Potion            |     3 |     1 |     2 |       |     2 |     1 |     3 |     3 |    24 ||    39
         Scroll            |       |       |    17 |     7 |     9 |     4 |     6 |     8 |    20 ||    71
   Stab: Paralysed         |       |       |       |    30 |    61 |    58 |    39 |   116 |   159 ||   463
         Sleeping          |       |       |       |     3 |     6 |     6 |     4 |     4 |     3 ||    26
         Petrified         |       |       |       |       |     8 |     6 |       |       |       ||    14
         Confused          |       |       |       |       |     7 |    11 |    16 |    55 |    53 ||   142
         Invisible         |       |       |       |       |     1 |       |       |       |     6 ||     7
         Distracted        |       |       |       |       |       |     4 |       |     3 |     2 ||     9
 Armour: Scale mail        |     3 |       |       |       |       |       |       |       |       ||     3
         Leather armour    |    13 |    10 |    24 |       |       |       |       |       |       ||    47
         Ring mail         |       |       |    16 |    12 |       |       |       |       |       ||    28
         Swamp dragon scal |       |       |       |   118 |   217 |   174 |   136 |   177 |   137 ||   959
         Pearl dragon scal |       |       |       |       |       |       |       |       |   247 ||   247
  Dodge: Dodged            |    24 |    10 |    76 |   119 |   266 |   212 |   190 |   200 |   492 ||  1589
  Block: Buckler           |     9 |     7 |     5 |       |       |       |       |       |       ||    21
         Kite shield       |       |       |    98 |   307 |   473 |   466 |   451 |   530 |  1043 ||  3368

Table legend: (Time is in decaauts)
 A = Elapsed time spent in this place.
 B = Non-inter-level travel time spent in this place.
 C = Inter-level travel time spent in this place.
 D = Time resting spent in this place.
 E = Time spent auto-exploring this place.
 F = Levels seen in this place.
 G = Mean time per level.
                   A        B        C        D        E       F      G
               +--------+--------+--------+--------+--------+-----+--------+
         Total |  57098 |  50589 |   6509 |   1375 |  28014 |  67 |  852.2 |
       Dungeon |  13638 |  11544 |   2094 |     55 |   7852 |  15 |  909.2 |
        Temple |    380 |    238 |    142 |      0 |    213 |   1 |  380.0 |
          Lair |   5352 |   4631 |    721 |      0 |   2802 |   5 | 1070.4 |
        Shoals |   3894 |   3744 |    150 |     73 |   2137 |   4 |  973.5 |
     Snake Pit |   3588 |   3255 |    333 |     13 |   2357 |   4 |  897.0 |
    Slime Pits |   1969 |   1756 |    213 |      0 |   1138 |   5 |  393.8 |
  Orcish Mines |   2102 |   1738 |    364 |     71 |   1007 |   2 | 1051.0 |
   Elven Halls |   3557 |   3071 |    486 |    166 |    708 |   3 | 1185.7 |
        Vaults |   6664 |   6135 |    529 |     59 |   3270 |   5 | 1332.8 |
        Depths |   5243 |   4280 |    963 |    141 |   2449 |   4 | 1310.8 |
          Hell |    489 |    465 |     24 |      0 |    296 |   1 |  489.0 |
           Zot |   5755 |   5265 |    490 |    393 |   2695 |   5 | 1151.0 |
         Abyss |    743 |    743 |      0 |      0 |    341 |   3 |  247.7 |
   Pandemonium |   2636 |   2636 |      0 |    330 |    567 |   7 |  376.6 |
        Bazaar |     79 |     79 |      0 |      0 |     48 |   1 |   79.0 |
      Ice Cave |    532 |    532 |      0 |     74 |      0 |   1 |  532.0 |
        Wizlab |    468 |    468 |      0 |      0 |    133 |   1 |  468.0 |
               +--------+--------+--------+--------+--------+-----+--------+

Top non-repeatable levels by time:
   Elf:3: 1579 daAuts
Vaults:3: 1567 daAuts
Vaults:5: 1515 daAuts
Depths:4: 1485 daAuts
Depths:3: 1482 daAuts
     D:7: 1419 daAuts
   Zot:4: 1366 daAuts
    D:13: 1330 daAuts
Vaults:4: 1264 daAuts
   Zot:1: 1263 daAuts
Vaults:2: 1214 daAuts
  Lair:1: 1162 daAuts
  Lair:5: 1161 daAuts
Depths:1: 1161 daAuts
   Elf:2: 1161 daAuts
